 Dungeon Crawl Stone Soup version 0.27-a0-1302-g7736ffe575 (webtiles) character file.

Game seed: 6288106439364744199

3545 Ijustatesigmund the Blocker (level 10, -1/80 HPs)
             Began as a Gnoll Fighter on June 18, 2021.
             Was a Follower of Cheibriados.
             Slain by Delamore's ghost (23 damage)
             ... on level 7 of the Dungeon.
             The game lasted 00:11:25 (8608 turns).

Ijustatesigmund the Blocker (Gnoll Fighter)         Turns: 8608, Time: 00:11:26

Health: -1/80      AC:  8    Str: 28    XL:     10   Next: 9%
Magic:  17/17      EV: 12    Int: 12    God:    Cheibriados [*.....]
Gold:   355        SH: 13    Dex: 16    Spells: 18/18 levels left

rFire    . . .     SeeInvis .   a - +0 war axe
rCold    . . .     Faith    .   c - +1 kite shield
rNeg     . . .     Spirit   .   b - +1 leather armour of Hok Moym {Str+3 Stlth+}
rPois    .         Reflect  .   (no helmet)
rElec    .         Harm     .   l - scarf {repulsion}
rCorr    +         Rampage  .   (no gloves)
Will     .....                  i - +2 pair of boots
Stlth    ++++......             (no amulet)
HPRegen  0.23/turn              m - ring of resist corrosion
MPRegen  0.15/turn              d - +6 ring of strength

@: about to teleport, repel missiles, very slow
A: fangs 1, strong nose, distributed training
a: Renounce Religion, Bend Time


You were on level 7 of the Dungeon.
You worshipped Cheibriados.
Cheibriados was aware of your devotion.
You visited 2 branches of the dungeon, and saw 8 of its levels.

You collected 388 gold pieces.
You spent 33 gold pieces at shops.

Inventory:

Hand Weapons
 a - a +0 war axe (weapon)
Armour
 b - the +1 leather armour of Hok Moym (worn) {Str+3 Stlth+}
   (You found it on level 4 of the Dungeon)

   It affects your strength (+3).
   It makes you more stealthy.
 c - a +1 kite shield (worn)
 i - a +2 pair of boots (worn)
 j - a +0 cloak of willpower
 l - a scarf of repulsion (worn)
Jewellery
 d - a +6 ring of strength (right hand)
 m - a ring of resist corrosion (left hand)
 p - a ring of willpower
 q - a +6 ring of dexterity
 s - a ring of positive energy
 t - a ring of wizardry
Wands
 e - a wand of polymorph (7)
 o - a wand of mindburst (22)
 r - a wand of paralysis (8)
 y - a wand of acid (9)
Scrolls
 f - a scroll of identify
 g - a scroll of magic mapping
 n - a scroll of enchant armour
 z - a scroll of enchant weapon {unknown}
Potions
 k - a potion of mutation
 u - a potion of flight
 v - 2 potions of invisibility
 x - a potion of might


   Skills:
 + Level 8.3 Fighting
 + Level 4.9 Short Blades
 + Level 4.9 Long Blades
 + Level 6.8 Axes
 + Level 4.9 Maces & Flails
 + Level 4.9 Polearms
 + Level 4.9 Staves
 + Level 4.9 Slings
 + Level 4.9 Bows
 + Level 4.9 Crossbows
 + Level 4.9 Throwing
 + Level 8.3 Armour
 + Level 4.9 Dodging
 + Level 4.9 Stealth
 + Level 8.3 Shields
 + Level 4.9 Unarmed Combat
 + Level 4.9 Spellcasting
 + Level 4.1 Conjurations
 + Level 4.1 Hexes
 + Level 4.1 Summonings
 + Level 4.1 Necromancy
 + Level 4.1 Translocations
 + Level 4.1 Transmutations
 + Level 4.1 Fire Magic
 + Level 4.1 Ice Magic
 + Level 4.1 Air Magic
 + Level 4.1 Earth Magic
 + Level 4.1 Poison Magic
 + Level 5.4 Invocations
 + Level 4.9 Evocations


You had 18 spell levels left.
You didn't know any spells.
Your spell library contained the following spells:

 Spells                   Type           Power      Damage    Failure   Level
 Corona                   Hex            13%        N/A       10%         1
 Ensorcelled Hibernation  Hex/Ice        24%        N/A       14%         2
 Confusing Touch          Hex            12%        N/A       28%         3
 Dazzling Flash           Conj/Hex       24%        N/A       28%         3
 Tukima's Dance           Hex            12%        N/A       28%         3


Dungeon Overview and Level Annotations

Branches:
Dungeon (7/15)             Temple (1/1) D:5

Altars:
Ashenzari
Cheibriados
Dithmenos
Elyvilon
Fedhas
Gozag
Hepliaklqana
Kikubaaqudgha
Makhleb
Nemelex Xobeh
Qazlal
Ru
Trog
Uskayaw
Vehumet
Xom
Yredelemnul
Zin
The Shining One

Shops:
D:3 !

Annotations:
D:4 1 runed translucent door
D:7 Delamore's ghost, novice FoFi


Innate Abilities, Weirdness & Mutations

You have very sharp teeth.
Your uncanny sense of smell can sniff out nearby items.
Your experience applies equally to all skills.


Message History

There is a stone staircase leading up here.
You open the large door.
Delamore's ghost shouts, "You must not succeed where I failed!"
You hit Delamore's ghost.
Delamore's ghost is lightly damaged.
Delamore's ghost closely misses you. You block Delamore's ghost's attack.
You hit Delamore's ghost.
Delamore's ghost is lightly damaged.
You block Delamore's ghost's attack.
You barely miss Delamore's ghost.
Delamore's ghost is lightly damaged.
You block Delamore's ghost's attack.
You barely miss Delamore's ghost.
You bite Delamore's ghost, but do no damage.
Delamore's ghost is lightly damaged.
You block Delamore's ghost's attack. Delamore's ghost hits you!!
You are poisoned.
You closely miss Delamore's ghost.
You bite Delamore's ghost, but do no damage.
Delamore's ghost is lightly damaged.
You feel very sick. Delamore's ghost barely misses you.
You hit Delamore's ghost but do no damage.
Your bite misses Delamore's ghost.
Delamore's ghost is lightly damaged.
You feel very sick. Delamore's ghost hits you.
You are more poisoned.
You hit Delamore's ghost but do no damage.
Your bite misses Delamore's ghost.
Delamore's ghost is lightly damaged.
You feel very sick. Delamore's ghost hits you!!
* * * LOW HITPOINT WARNING * * *
You are too injured to fight recklessly!
Okay, then.
You feel better. You block Delamore's ghost's attack.
As you read the scroll of teleportation, it crumbles to dust.
You feel strangely unstable. Delamore's ghost hits you!!
You die...

#..............##......
#.############......... #.#
####...... #.# ## ## #......
#.# ###.##$# ##......
#.####.#...### #.......
#......#.≈≈.(# #......)
#.###..'≈#≈.## #.###... #.#
#.@W..≈?≈# #.# #... #.#
##.#.⌠..## #.# #... #.#
#.#≈.#.# ##.###... #.#
####.≈####...#....
#.############.#.#..#..
#......................
########...##..#.#..#.# #####
##.###.#...#.#..
##...#########......##.......


You could see Delamore's ghost.

Vanquished Creatures
  Pikel (D:5)
  The ghost of Xenoroth the Chopper, an amateur MiMo of Nemelex Xobeh (D:4)
  A yak (D:5)
  3 water moccasins (D:6)
  An orc warrior (D:7)
  2 sky beasts
  2 ice beasts (D:6)
  3 ogres
  A centaur (D:6)
  A phantom (D:5)
  A lemure (D:5)
  A kobold brigand (D:6)
  Blork the orc (D:5)
  4 scorpions
  A bullfrog (D:6)
  2 water moccasin zombies
  A water moccasin skeleton (D:5)
  A wight (D:6)
  A jelly (D:6)
  A centaur skeleton (D:6)
  7 hounds
  An orc priest (D:5)
  Crazy Yiuf (D:4)
  A gnoll shaman (D:6)
  2 iguanas
  3 bullfrog skeletons
  Ijyb (D:5)
  Natasha (D:4)
  2 orc wizards (D:4)
  A killer bee zombie (D:6)
  A hound skeleton (D:5)
  7 adders
  8 gnolls
  A river rat (D:4)
  A shadow imp (D:5)
  A white imp (D:6)
  An ufetubus (D:5)
  2 worms (D:2)
  5 dart slugs
  10 orcs
  4 ball pythons
  7 bats
  3 endoplasms
  4 giant cockroaches
  6 goblins
  12 hobgoblins
  14 jackals
  6 quokkas
  3 frilled lizards (D:2)
  12 kobolds
  5 rats
163 creatures vanquished.

Notes
Turn   | Place    | Note
-------+----------+-------------------------------------------
     0 | D:1      | Ijustatesigmund the Gnoll Fighter began the quest for the
                  | Orb.
     0 | D:1      | Reached XP level 1. HP: 23/23 MP: 1/1
   258 | D:1      | Reached XP level 2. HP: 27/29 MP: 2/2
   539 | D:1      | Reached XP level 3. HP: 35/35 MP: 3/3
   880 | D:2      | Reached skill level 1 in Invocations
   912 | D:2      | Reached skill level 1 in Short Blades
   912 | D:2      | Reached skill level 1 in Long Blades
   912 | D:2      | Reached skill level 1 in Maces & Flails
   912 | D:2      | Reached skill level 1 in Polearms
   912 | D:2      | Reached skill level 1 in Staves
   912 | D:2      | Reached skill level 1 in Slings
   912 | D:2      | Reached skill level 1 in Bows
   912 | D:2      | Reached skill level 1 in Crossbows
   912 | D:2      | Reached skill level 1 in Throwing
   912 | D:2      | Reached skill level 1 in Dodging
   912 | D:2      | Reached skill level 1 in Stealth
   912 | D:2      | Reached skill level 1 in Unarmed Combat
   912 | D:2      | Reached skill level 1 in Spellcasting
   912 | D:2      | Reached skill level 1 in Evocations
  1097 | D:2      | Reached XP level 4. HP: 41/41 MP: 5/5
  1592 | D:2      | You fall into a shaft and drop 1 floor!
  1615 | D:3      | Reached skill level 1 in Conjurations
  1615 | D:3      | Reached skill level 1 in Hexes
  1615 | D:3      | Reached skill level 1 in Summonings
  1615 | D:3      | Reached skill level 1 in Necromancy
  1615 | D:3      | Reached skill level 1 in Translocations
  1615 | D:3      | Reached skill level 1 in Transmutations
  1615 | D:3      | Reached skill level 1 in Fire Magic
  1615 | D:3      | Reached skill level 1 in Ice Magic
  1615 | D:3      | Reached skill level 1 in Air Magic
  1615 | D:3      | Reached skill level 1 in Earth Magic
  1615 | D:3      | Reached skill level 1 in Poison Magic
  1848 | D:3      | Reached XP level 5. HP: 47/47 MP: 6/6
  2178 | D:3      | Found a faded altar of an unknown god.
  2231 | D:3      | You fall into a shaft and drop 1 floor!
  2494 | D:3      | Found Kiydwimudu's Distillery.
  2503 | D:3      | Bought a potion of curing for 33 gold pieces
  2592 | D:3      | Found a sparkling altar of Nemelex Xobeh.
  3017 | D:4      | Found a runed translucent door.
  3027 | D:4      | Noticed Xenoroth's ghost (amateur MiMo)
  3065 | D:4      | Killed Xenoroth's ghost
  3066 | D:4      | Reached skill level 5 in Axes
  3066 | D:4      | Reached XP level 6. HP: 31/53 MP: 7/9
  3066 | D:4      | Reached XP level 7. HP: 34/59 MP: 7/10
  3078 | D:4      | Found a runed translucent door.
  3324 | D:4      | Found a runed translucent door.
  3325 | D:4      | Noticed Crazy Yiuf
  3336 | D:4      | Killed Crazy Yiuf
  3365 | D:4      | Identified the +1 leather armour of Hok Moym {Str+3 Stlth+}
  3562 | D:4      | Noticed Natasha
  3569 | D:4      | Killed Natasha
  3952 | D:5      | Entered Level 5 of the Dungeon
  3971 | D:5      | Noticed a yak
  4141 | D:5      | Reached XP level 8. HP: 61/67 MP: 12/12
  4253 | D:5      | Killed a yak
  4341 | D:5      | Found a staircase to the Ecumenical Temple.
  4481 | D:5      | Noticed Blork the orc
  4488 | D:5      | Killed Blork the orc
  4622 | D:5      | Noticed Ijyb
  4628 | D:5      | Killed Ijyb
  4661 | D:5      | Noticed Pikel
  4680 | D:5      | Killed Pikel
  4681 | D:5      | Reached XP level 9. HP: 52/73 MP: 14/14
  5157 | Temple   | Entered the Ecumenical Temple
  5268 | Temple   | Became a worshipper of Cheibriados the Contemplative
  6133 | D:6      | Found a radiant altar of Vehumet.
  6454 | D:6      | Reached * piety under Cheibriados
  6464 | D:6      | Reached skill level 5 in Invocations
  7466 | D:7      | Reached XP level 10. HP: 61/80 MP: 17/17
  7694 | D:7      | Found a large runed translucent door.
  7694 | D:7      | Found a large runed translucent door.
  7699 | D:7      | Noticed Delamore's ghost (novice FoFi)
  8343 | D:7      | Found a hazy altar of Hepliaklqana.
  8608 | D:7      | Slain by Delamore's ghost

Illustrated notes

Levels and vault maps discovered:
D:1:      dpeg_arrival_castle, layout_basic
D:2:      minmay_recursive_quarters, layout_basic
D:3:      layout_loops_corners, nemelex_diamond_rough_becter, serial_shops,
          shop, hellmonk_ecumenical_altar_blasted
D:4:      layout_loops_ring, ebering_ghost_sewer_f, uniq_crazy_yiuf_cottage,
          uniq_natasha
D:5:      minmay_clustersquares, layout_loops_cross, minmay_temple_entry_mist,
          uniq_ijyb, uniq_blork_the_orc, uniq_pikel
D:6:      minmay_razor_zed, layout_basic, amcnicky_altar_gilded
D:7:      layout_loops_ring, nicolae_hepliaklqana_hippocampus,
          ebering_ghost_disaster_area
Temple:   lightli_temple_of_artemis

Skill      XL: |  1  2  3  4  5  6  7  8  9 10 |
---------------+-------------------------------+-----
Invocations    | 1 2 3 4 5 |  5.4
Short Blades   | 1 2 3 4 |  4.9
Long Blades    | 1 2 3 4 |  4.9
Maces & Flails | 1 2 3 4 |  4.9
Polearms       | 1 2 3 4 |  4.9
Staves         | 1 2 3 4 |  4.9
Slings         | 1 2 3 4 |  4.9
Bows           | 1 2 3 4 |  4.9
Crossbows      | 1 2 3 4 |  4.9
Throwing       | 1 2 3 4 |  4.9
Dodging        | 1 2 3 4 |  4.9
Stealth        | 1 2 3 4 |  4.9
Unarmed Combat | 1 2 3 4 |  4.9
Spellcasting   | 1 2 3 4 |  4.9
Evocations     | 1 2 3 4 |  4.9
Conjurations   | 1 2 3 4 |  4.1
Hexes          | 1 2 3 4 |  4.1
Summonings     | 1 2 3 4 |  4.1
Necromancy     | 1 2 3 4 |  4.1
Translocations | 1 2 3 4 |  4.1
Transmutations | 1 2 3 4 |  4.1
Fire Magic     | 1 2 3 4 |  4.1
Ice Magic      | 1 2 3 4 |  4.1
Air Magic      | 1 2 3 4 |  4.1
Earth Magic    | 1 2 3 4 |  4.1
Poison Magic   | 1 2 3 4 |  4.1
Axes           | 5 6 |  6.8
Fighting       | 7 8 |  8.3
Armour         | 7 8 |  8.3
Shields        | 7 8 |  8.3

Action                   |  1- 3 |  4- 6 |  7- 9 | 10-12 || total
-------------------------+-------+-------+-------+-------++-------
Melee: War axe           |   102 |   145 |   301 |    36 ||   584
       Bite              |    12 |    15 |    39 |     7 ||    73
  Use: Scroll            |       |     6 |     5 |     5 ||    16
       Potion            |       |     3 |     5 |     1 ||     9
 Stab: Sleeping          |       |       |    15 |     3 ||    18
Armor: Scale mail        |    63 |    66 |     1 |       ||   130
       Leather armour    |       |       |    89 |     4 ||    93
       Skin              |       |       |    14 |       ||    14
Dodge: Dodged            |    30 |    39 |   114 |    11 ||   194
Block: Kite shield       |    71 |    87 |   218 |    15 ||   391

Table legend: (Time is in decaauts)
 A = Elapsed time spent in this place.
 B = Non-inter-level travel time spent in this place.
 C = Inter-level travel time spent in this place.
 D = Time resting spent in this place.
 E = Time spent auto-exploring this place.
 F = Levels seen in this place.
 G = Mean time per level.
                   A        B        C        D        E       F      G
               +--------+--------+--------+--------+--------+-----+--------+
         Total |   9454 |   9185 |    269 |   1308 |   6410 |   8 | 1181.8 |
       Dungeon |   9317 |   9074 |    243 |   1308 |   6314 |   7 | 1331.0 |
        Temple |    137 |    111 |     26 |      0 |     96 |   1 |  137.0 |
               +--------+--------+--------+--------+--------+-----+--------+

Top non-repeatable levels by time:
     D:6: 2399 daAuts
     D:7: 1544 daAuts
     D:5: 1281 daAuts
     D:2: 1185 daAuts
     D:4: 1183 daAuts
     D:3: 1011 daAuts
     D:1: 712 daAuts
  Temple: 137 daAuts
